 Dungeon Crawl Stone Soup version 0.30.1-9-gdf580d7c3d (webtiles) character file.

Game seed: 2713769815625021450

397 Heoruswealwe the Magician (level 6, -1/32 HPs)
             Began as a Deep Elf Conjurer on Oct 11, 2023.
             Slain by an orc wizard
             ... wielding a +0 dagger
              (3 damage)
             ... on level 6 of the Dungeon.
             The game lasted 00:38:11 (6843 turns).

Heoruswealwe the Magician (Deep Elf Conjurer)       Turns: 6843, Time: 00:38:13

Health: -1/32      AC:  3    Str:  4    XL:     6   Next: 53%
Magic:  13/17      EV: 12    Int: 25    God:
Gold:   221        SH:  0    Dex: 13    Spells: 2/18 levels left

rFire   . . .        a - +3 dagger (venom)
rCold   . . .        (no shield)
rNeg    . . .        c - +0 robe
rPois   +            (no helmet)
rElec   .            (no cloak)
rCorr   .            f - +0 pair of gloves
SInv    .            (no boots)
Will    .....        i - amulet of regeneration
Stlth   ++           k - ring of poison resistance
HPRegen 1.05/turn    j - ring of flight
MPRegen 0.15/turn

%: no passive effects
@: flying
A: no striking features
a: no special abilities


You were on level 6 of the Dungeon.
You visited 1 branch of the dungeon, and saw 5 of its levels.

You collected 221 gold pieces.

Inventory:

Hand Weapons
 a - a +3 dagger of venom (weapon)
Armour
 c - a +0 robe (worn)
 f - a +0 pair of gloves (worn)
 h - a +0 robe
 n - a +0 robe
Magical Staves
 r - a staff of poison
Jewellery
 i - an amulet of regeneration (around neck)
 j - a ring of flight (right hand)
 k - a ring of poison resistance (left hand)
Wands
 y - a wand of roots (3)
Scrolls
 e - 5 scrolls of identify {unknown}
 g - a scroll of enchant weapon {unknown}
 m - 2 scrolls of poison {unknown}
 u - a scroll of amnesia {unknown}
 z - a scroll of fog {unknown}
 A - a scroll of magic mapping {unknown}
 B - a scroll of noise {unknown}
Potions
 b - a potion of magic
 d - 3 potions of haste
 l - a potion of mutation {unknown}
 o - a potion of lignification {unknown}
 p - a potion of flight {unknown}
 q - a potion of invisibility {unknown}
 s - 2 potions of curing {unknown}
 t - 2 potions of brilliance {unknown}
 v - a potion of attraction {unknown}
 w - a potion of degeneration {unknown}
 x - a potion of heal wounds {unknown}


   Skills:
 - Level 2.4 Dodging
 - Level 2.4 Stealth
 + Level 6.9 Spellcasting
 + Level 6.9 Conjurations


You had 2 spell levels left.
You knew the following spells:

 Your Spells              Type           Power      Damage    Failure   Level
a - Magic Dart            Conj           100%       1d8       1%          1
b - Searing Ray           Conj           86%        2d7       1%          2
c - Dazzling Flash        Conj/Hex       50%        N/A       4%          3
d - Fulminant Prism       Conj/Hex       12%        3d8       16%         4
e - Iskenderun's Mystic   Conj/Tloc      25%        2d7       16%         4
z - Passwall              Tmut/Erth      6%         N/A       11%         2

Your spell library contained the following spells:

 Spells                   Type           Power      Damage    Failure   Level
 Ensorcelled Hibernation  Hex/Ice        16%        N/A       11%         2
 Ozocubu's Armour         Ice            8%         N/A       21%         3
 Swiftness                Air            8%         N/A       21%         3
 Ozocubu's Refrigeration  Ice            4%         4d8       100%        7


Dungeon Overview and Level Annotations

Branches:
Dungeon (6/15)
 Temple: D:4-7

Altars:
Ashenzari
Yredelemnul
Zin

Portals:
Ossuary: D:6

Annotations:
D:6 Sigmund


Message History

The puff of flame hits you!
The magic dart hits the orc!
You kill the orc!
The orc wizard shouts!
An orc wizard comes into view. It is wielding a +0 dagger.
Sigmund casts a spell at you. The puff of flame hits you.
The magic dart hits the orc wizard.
The orc wizard is heavily wounded.
The orc wizard shouts!
The orc wizard points at you and mumbles some strange words.
You resist with some effort.
The orc wizard points at you and mumbles some strange words.
You are confused.
Sigmund drinks a potion.
Sigmund seems to speed up.
You're too confused to cast spells.
Okay, then.
The orc wizard gestures wildly while chanting.
The orc wizard flickers and vanishes!
Deactivating autopickup; reactivate with Ctrl-A.
The orc wizard gestures wildly while chanting.
The orc wizard flickers and vanishes!
Sigmund hits you from afar with a +0 scythe!
Sigmund closely misses you. Something hits you.
Sigmund says, "Look into my eyes."
Sigmund barely misses you.
You hear some strange, mumbled words.
A magic dart appears from out of thin air!
The magic dart hits you! Sigmund barely misses you.
Something hits you but does no damage. Something hits you.
* * * LOW HITPOINT WARNING * * *
You're too confused to move!
You feel less confused.
Sigmund hits you from afar with a +0 scythe.
* * * LOW HITPOINT WARNING * * *
Something hits you.
* * * LOW HITPOINT WARNING * * *
Something hits you.
You die...

#.#.#.# ## ###.....#
####... #.....###
#.....##.# #.#...#
#........##..#.#.#
#...#)##.##.##.#.>.
#.#.....#..#..###...
#...∩@....##.## ###
#@{..[..##.#
#.##..#..##..#
#.......##..##
###.##.#...## #.
#.#.### #. ..#.#
........ #.#..###
..#).#


You could see Sigmund (fast).

Vanquished Creatures
  A sky beast (D:4)
  2 orc priests
  A jelly (D:4)
  9 adders
  3 gnolls (D:4)
  4 worms (D:2)
  4 dart slugs
  7 orcs
  7 endoplasms
  4 giant cockroaches
  7 hobgoblins
  4 jackals (D:3)
  2 quokkas
  11 ball pythons
  3 bats
  4 frilled lizards
  6 goblins
  5 kobolds
  9 rats
93 creatures vanquished.

Notes
Turn   | Place    | Note
-------+----------+-------------------------------------------
     0 | D:1      | Heoruswealwe the Deep Elf Conjurer began the quest for the
                  | Orb.
     0 | D:1      | Reached XP level 1. HP: 10/10 MP: 6/6
   246 | D:1      | Reached XP level 2. HP: 15/15 MP: 3/8
   249 | D:1      | Learned a level 2 spell: Searing Ray
   633 | D:1      | Reached XP level 3. HP: 19/19 MP: 3/10
   637 | D:1      | Learned a level 3 spell: Dazzling Flash
   652 | D:1      | Reached skill level 5 in Conjurations
  1159 | D:2      | Identified the +1 hand axe of Dithmenos's Envy {flame,
                  | Fragile Will++ Dex+4}
  4642 | D:2      | Reached XP level 4. HP: 24/24 MP: 2/12
  4647 | D:2      | Learned a level 4 spell: Fulminant Prism
  4945 | D:2      | Reached skill level 5 in Spellcasting
  5318 | D:3      | Reached XP level 5. HP: 28/28 MP: 2/14
  5528 | D:3      | Learned a level 4 spell: Iskenderun's Mystic Blast
  5646 | D:3      | Found a basalt altar of Yredelemnul.
  5646 | D:3      | Found a broken altar of Ashenzari.
  6050 | D:3      | Found a glowing silver altar of Zin.
  6297 | D:4      | Learned a level 2 spell: Passwall
  6388 | D:4      | Reached XP level 6. HP: 6/32 MP: 0/17
  6615 | D:4      | Noticed a sky beast
  6620 | D:4      | Killed a sky beast
  6812 | D:3      | You are sucked into a shaft and drop 3 floors!
  6833 | D:6      | Found a sand-covered staircase.
  6833 | D:6      | Noticed Sigmund
  6843 | D:6      | Slain by an orc wizard

Illustrated notes

Levels and vault maps discovered:
D:1:      dpeg_arrival_three_same_balls, layout_loops_ring, serial_forest,
          infiniplex_forest_end_2, infiniplex_forest_3_way,
          infiniplex_forest_clump_C, infiniplex_forest_corner_2,
          infiniplex_forest_lined_corner, minmay_pentomino_v2
D:2:      layout_basic, minmay_misc_feat_rows
D:3:      layout_basic, amethyst_overflow_temple_binary,
          lemuel_coloured_pillars_altar
D:4:      minmay_chambers_of_twos, layout_gridville, uniq_edmund
D:6:      layout_rooms, ebering_ghost_sewer_d, nicolae_ossuary_entry_ruins,
          uniq_sigmund

Skill      XL: |  1  2  3  4  5 |
---------------+----------------+-----
Spellcasting   | 4 5 6 |  6.9
Conjurations   | 5 6 |  6.9
Dodging        | |  2.4
Stealth        | |  2.4

Action                     |  1- 3 |  4- 6 || total
---------------------------+-------+-------++-------
  Melee: Short sword       |   180 |    17 ||   197
         Hand axe          |  2885 |       ||  2885
         Punch             |    49 |       ||    49
   Cast: Magic Dart        |    77 |   107 ||   184
         Searing Ray       |     1 |     8 ||     9
 Armour: Robe              |     1 |     3 ||     4
  Dodge: Dodged            |     5 |    13 ||    18
